 Dungeon Crawl Stone Soup version 0.26-a0-365-g11c2b627af (webtiles) character file.

Game seed: 10439956804178183412

9249 MrRokkomies the Grappler (level 11, -5/97 HPs)
             Began as a Demigod Transmuter on July 19, 2020.
             Slain by a cane toad (13 damage)
             ... on level 2 of the Lair of Beasts.
             The game lasted 00:38:18 (15042 turns).

MrRokkomies the Grappler (Demigod Transmuter)      Turns: 15042, Time: 00:38:18

Health: -5/97      AC: 15    Str: 17    XL:     11   Next: 1%
Magic:  17/17      EV: 10    Int: 23    God:
Gold:   769        SH:  0    Dex: 16    Spells: 3/13 levels left

rFire    . . .     SeeInvis .     - Unarmed
rCold    . . .     Faith    .   (no shield)
rNeg     . . .     Spirit   .   K - +0 storm dragon scales (curse)
rPois    +         Reflect  .   g - +0 hat
rElec    +         Harm     .   C - +1 cloak "Nysays" {Int+4}
rCorr    .                      D - +0 pair of gloves
MR       +....                  q - +0 pair of boots
Stlth    ..........             F - amulet of the acrobat
HPRegen  0.26/turn              n - ring of flight
MPRegen  0.15/turn              v - ring of poison resistance

@: no status effects
A: high mp 1
a: Evoke Flight


You were on level 2 of the Lair of Beasts.
You visited 2 branches of the dungeon, and saw 11 of its levels.

You collected 1311 gold pieces.
You spent 542 gold pieces at shops.

Inventory:

Hand Weapons
 b - a +0 arbalest
Missiles
 f - 2 curare-tipped darts
 i - 216 arrows
 j - 3 boomerangs
 k - 51 bolts
 m - 7 boomerangs of dispersal
 s - 5 poisoned darts (quivered)
 I - 3 javelins
 L - 4 silver boomerangs
Armour
 g - a +0 hat (worn)
 q - a +0 pair of boots (worn)
 C - the +1 cloak "Nysays" (worn) {Int+4}
   (You bought it in a shop on level 6 of the Dungeon)

   It affects your intelligence (+4).
 D - a +0 pair of gloves (worn)
 E - the +0 ring mail of Plasticity {rElec rPois}
   (You bought it in a shop on level 6 of the Dungeon)

   It insulates you from electricity.
   It protects you from poison.
 G - a +0 cloak of magic resistance
 K - cursed +0 storm dragon scales (worn)
Magical Staves
 J - an uncursed staff of air
Jewellery
 n - a ring of flight (left hand)
 v - a ring of poison resistance (right hand)
 F - an amulet of the acrobat (around neck)
 H - an uncursed amulet of reflection {unknown}
Wands
 u - a wand of iceblast (3)
 w - a wand of random effects (9)
 x - a wand of flame (7)
 y - a wand of polymorph (12)
 O - a wand of acid (7)
Scrolls
 a - a scroll of teleportation
 d - 4 scrolls of remove curse
 p - 3 scrolls of blinking
 M - a scroll of amnesia
 N - a scroll of fear
 P - a scroll of enchant weapon
Potions
 c - 2 potions of flight
 e - a potion of invisibility
 h - 3 potions of curing
 l - 3 potions of resistance
 o - 2 potions of stabbing
 r - 2 potions of mutation {unknown}
 t - 3 potions of might
 z - 2 potions of lignification {unknown}
 A - a potion of brilliance {unknown}
 B - a potion of ambrosia {unknown}
Miscellaneous
 Q - a phantom mirror


   Skills:
 * Level 9.4 Fighting
 + Level 2.8 Armour
 + Level 6.7 Dodging
 * Level 9.8 Unarmed Combat
 - Level 1.7 Spellcasting
 - Level 6.0 Transmutations


You had 3 spell levels left.
You knew the following spells:

 Your Spells              Type           Power        Failure   Level
a - Beastly Appendage     Tmut           ####..       17%         1
b - Wereblood             Tmut           ####....     26%         2
c - Spider Form           Tmut/Pois      ###.......   87%         3
d - Ice Form              Ice/Tmut       ###.....     99%         4

Your spell library contained the following spells:

 Spells                   Type           Power        Failure   Level
 Foxfire                  Conj/Fire      #...         90%         1
 Conjure Flame            Conj/Fire      #.......     99%         3
 Inner Flame              Hex/Fire       #.......     99%         3
 Blade Hands              Tmut           ####......   99%         5
 Sticky Flame             Conj/Fire      #.......     100%        4
 Fireball                 Conj/Fire      #.........   100%        5


Dungeon Overview and Level Annotations

Branches:
Dungeon (9/15)             Temple (0/1) D:5            Lair (2/6) D:9
    Orc (0/2) D:9
  Swamp: Lair:2-4    Shoals: Lair:2-4     Snake: Lair:2-4    Spider: Lair:2-4

Shops:
D:6 [   D:9 !


Innate Abilities, Weirdness & Mutations

You have an increased reservoir of magic. (+10% MP)


Message History

The cane toad is severely wounded.
The cane toad barely misses you.
Your storm dragon scales prevents you from hitting the cane toad.
The cane toad is severely wounded.
The cane toad stings you but does no damage.
You closely miss the cane toad.
The cane toad is severely wounded.
The cane toad closely misses you.
You hit the cane toad but do no damage. You punch the cane toad.
The cane toad is severely wounded.
The cane toad stings you.
* * * LOW HITPOINT WARNING * * *
You closely miss the cane toad. You punch the cane toad.
The cane toad is severely wounded.
The cane toad stings you!
* * * LOW HITPOINT WARNING * * *
You hit the cane toad.
The cane toad is almost dead.
The cane toad stings you!
You die...

... #....P.....#P
#...### ##..##......##
.....#. #...#.#.....##
#.....## #............#
#......###............#
.........#...P........#
#.............#.......#
#P##...#..#†..#P..####
#.@.....^.....##
#F.P...#.......##
..####..........P# ....
#.P..#......## .....
.....##....)## ##...
#.P#.##...#.## ## ##.
.#.#.....###. #.
............#
.............


You could see a cane toad.

Vanquished Creatures
  A two-headed ogre (D:9)
  Erica (Lair:2)
  A black mamba (Lair:1)
  A cane toad (Lair:1)
  A rime drake (Lair:1)
  A hippogriff (D:9)
  6 yaks
  2 wyverns
  2 basilisks (D:9)
  Menkaure (D:6)
  An acid dragon (D:9)
  A warg (D:8)
  3 water moccasins
  A porcupine (Lair:2)
  Duvessa (D:5)
  4 orc warriors
  4 phantoms
  4 ice beasts
  2 sky beasts
  A necrophage (D:8)
  6 ogres
  2 centaurs
  4 crocodiles
  A big kobold (D:8)
  2 bullfrogs
  A wyvern zombie (D:8)
  A water moccasin zombie (D:6)
  A scorpion (D:7)
  Dowan (D:5)
  9 killer bees (D:8)
  4 howler monkeys
  A bullfrog zombie (D:9)
  5 hounds
  7 orc priests
  2 jellies
  2 centaur skeletons
  Crazy Yiuf (D:7)
  8 orc wizards
  Ijyb (D:5)
  7 worker ants
  A killer bee zombie (D:9)
  A hound zombie (D:8)
  A worker ant zombie (D:5)
  3 gnolls (D:3)
  11 adders
  A howler monkey skeleton (D:4)
  2 shadow imps
  2 white imps (D:6)
  An ufetubus (D:6)
  2 oozes
  2 adder zombies
  An adder skeleton (D:5)
  5 worms
  A dart slug (D:2)
  4 leopard geckos
  47 orcs
  6 giant cockroaches
  9 goblins
  8 hobgoblins
  5 jackals
  A quokka (D:4)
  5 ball pythons
  2 bats
  6 frilled lizards
  8 kobolds
  A leopard gecko skeleton (D:5)
  A leopard gecko zombie (D:8)
  10 rats
252 creatures vanquished.

Vanquished Creatures (others)
  3 plants (Lair:2)
3 creatures vanquished.

Grand Total: 255 creatures vanquished

Notes
Turn   | Place    | Note
-------+----------+-------------------------------------------
     0 | D:1      | MrRokkomies the Demigod Transmuter began the quest for the
                  | Orb.
     0 | D:1      | Reached XP level 1. HP: 15/15 MP: 5/5
   103 | D:1      | Reached skill level 1 in Fighting
   109 | D:1      | Reached XP level 2. HP: 14/23 MP: 5/7
   916 | D:2      | Reached XP level 3. HP: 23/29 MP: 8/8
  1754 | D:2      | Found a shimmering blue altar of Sif Muna.
  1772 | D:2      | Learned a level 2 spell: Wereblood
  1806 | D:2      | Reached XP level 4. HP: 29/36 MP: 9/9
  1885 | D:3      | Found a radiant altar of Vehumet.
  2545 | D:3      | Reached XP level 5. HP: 23/42 MP: 5/10
  3207 | D:4      | Reached XP level 6. HP: 48/51 MP: 9/11
  3717 | D:4      | Found a sacrificial altar of Ru.
  3890 | D:5      | Entered Level 5 of the Dungeon
  3890 | D:5      | Found a staircase to the Ecumenical Temple.
  4246 | D:5      | Noticed Duvessa
  4246 | D:5      | Noticed Dowan
  4254 | D:5      | Killed Dowan
  4255 | D:5      | Killed Duvessa
  4255 | D:5      | Reached skill level 5 in Unarmed Combat
  4255 | D:5      | Reached XP level 7. HP: 53/59 MP: 12/12
  4775 | D:5      | Noticed Ijyb
  4781 | D:5      | Paralysed by Ijyb for 4 turns
  4791 | D:5      | Killed Ijyb
  4886 | D:5      | Learned a level 3 spell: Spider Form
  5488 | D:6      | Reached skill level 5 in Fighting
  6030 | D:6      | Noticed Menkaure
  6036 | D:6      | Killed Menkaure
  6036 | D:6      | Reached XP level 8. HP: 18/69 MP: 13/13
  6517 | D:6      | Found Dejudel's Antique Armour Shoppe.
  6585 | D:6      | Bought a pitted cloak for 199 gold pieces
  6585 | D:6      | Bought a pair of gloves for 94 gold pieces
  6590 | D:6      | Identified the +1 cloak "Nysays" {Int+4} (You bought it in
                  | a shop on level 6 of the Dungeon)
  7068 | D:7      | Learned a level 4 spell: Ice Form
  7148 | D:7      | Found a glowing golden altar of the Shining One.
  7475 | D:7      | Found a runed translucent door.
  7476 | D:7      | Noticed Crazy Yiuf
  7484 | D:7      | Killed Crazy Yiuf
  7556 | D:7      | Found a shadowy altar of Dithmenos.
  7558 | D:7      | Found a burning altar of Makhleb.
  7561 | D:7      | Found an opulent altar of Gozag.
  8192 | D:8      | Reached XP level 9. HP: 54/77 MP: 12/14
  8214 | D:8      | HP: 2/77 [killer bee (7)]
  8612 | D:8      | Reached skill level 5 in Transmutations
  8615 | D:8      | Identified a scroll of acquirement
  8615 | D:8      | Acquired 630 gold pieces
  8644 | D:8      | Reached skill level 5 in Dodging
  8710 | D:6      | Bought a smoking ring mail for 189 gold pieces
  8720 | D:6      | Identified the +0 ring mail of Plasticity {rElec rPois}
                  | (You bought it in a shop on level 6 of the Dungeon)
 10225 | D:9      | Reached XP level 10. HP: 45/88 MP: 15/15
 10614 | D:9      | Found a staircase to the Orcish Mines.
 11920 | D:9      | Noticed a two-headed ogre
 11940 | D:9      | Killed a two-headed ogre
 11940 | D:9      | Reached skill level 1 in Armour
 12104 | D:9      | Found an ornate altar of the Wu Jian Council.
 12157 | D:9      | Found Luoclou's Distillery.
 12388 | D:9      | Bought a potion of heal wounds for 60 gold pieces
 13196 | D:9      | Found a staircase to the Lair.
 13243 | D:9      | Found a staircase to the Lair.
 13249 | Lair:1   | Entered Level 1 of the Lair of Beasts
 13948 | Lair:1   | Noticed a black mamba
 13956 | Lair:1   | Killed a black mamba
 14126 | Lair:1   | Noticed a five-headed hydra
 14881 | Lair:2   | Noticed Erica
 14898 | Lair:2   | Killed Erica
 14898 | Lair:2   | Reached XP level 11. HP: 84/97 MP: 17/17
 15042 | Lair:2   | Slain by a cane toad

Illustrated notes

Levels and vault maps discovered:
D:1:      minmay_arrival_doors, layout_rooms
D:2:      layout_basic, lemuel_blue_sif_altar
D:3:      layout_rooms, vehumet_crystals, chequers_hall_statues_corner_a
D:4:      layout_gridville, nicolae_ru_path_of_blood
D:5:      layout_cave_pods, minmay_temple_entry_drinking_statues, uniq_duvessa,
          uniq_ijyb
D:6:      layout_rooms, serial_shops, nicolae_shop_waterfront, uniq_menkaure
D:7:      layout_basic, nicolae_overflow_crystal_walls, minitemple,
          uniq_crazy_yiuf_cottage
D:8:      layout_loops_cross
D:9:      layout_long_grid, erik_lair_dragon, erik_orc_4, serial_shops, shop,
          basic_altar
Lair:1:   layout_gridlike
Lair:2:   layout_misc_corridors, uniq_erica

Skill      XL: |  1  2  3  4  5  6  7  8  9 10 |
---------------+-------------------------------+-----
Fighting       | 1 2 3 4 5 6 8 9 |  9.4
Transmutations | 2 3 4 5 6 |  6.0
Dodging        | 2 3 4 5 6 |  6.7
Unarmed Combat | 3 4 5 7 8 9 |  9.8
Armour         | 2 |  2.8
Spellcasting   | |  1.7

Action                   |  1- 3 |  4- 6 |  7- 9 | 10-12 || total
-------------------------+-------+-------+-------+-------++-------
Melee: Unarmed           |   139 |   171 |   427 |   301 ||  1038
       Kick              |    11 |    33 |   104 |    46 ||   194
       Headbutt          |     7 |    20 |    73 |    30 ||   130
       Punch             |     1 |     2 |     4 |    10 ||    17
 Fire: Arbalest          |       |     2 |     2 |       ||     4
Throw: Boomerang         |       |       |     3 |       ||     3
       Dart              |       |       |     6 |    10 ||    16
 Cast: Beastly Appendage |     8 |    16 |    38 |    12 ||    74
       Wereblood         |       |     3 |     1 |       ||     4
       Spider Form       |       |       |     1 |       ||     1
Evoke: Wand              |       |     4 |     9 |     3 ||    16
  Use: Scroll            |     6 |     4 |    11 |     5 ||    26
       Potion            |       |     1 |     3 |     2 ||     6
Armor: Robe              |     1 |       |       |       ||     1
       Ring mail         |    54 |    48 |    63 |       ||   165
       Storm dragon scal |       |       |    46 |   137 ||   183
       Skin              |       |       |     1 |       ||     1
Dodge: Dodged            |    79 |    78 |   268 |   161 ||   586

Table legend: (Time is in decaauts)
 A = Elapsed time spent in this place.
 B = Non-inter-level travel time spent in this place.
 C = Inter-level travel time spent in this place.
 D = Time resting spent in this place.
 E = Time spent auto-exploring this place.
 F = Levels seen in this place.
 G = Mean time per level.
                   A        B        C        D        E       F      G
               +--------+--------+--------+--------+--------+-----+--------+
         Total |  14936 |  14491 |    445 |   3911 |   8467 |  11 | 1357.8 |
       Dungeon |  13159 |  12774 |    385 |   3645 |   7161 |   9 | 1462.1 |
          Lair |   1776 |   1716 |     60 |    266 |   1306 |   2 |  888.0 |
               +--------+--------+--------+--------+--------+-----+--------+
